 Dungeon Crawl Stone Soup version 0.31-a0-700-gf13585253f (webtiles) character file.

Game seed: 7252652781336763325

149 lunkers the Insei (level 5, -1/36 (40) HPs)
             Began as a Meteoran Shapeshifter on Sept 7, 2023.
             Slain by a wight
             ... wielding a +4 long sword of freezing
              (3 damage)
             ... on level 4 of the Dungeon.
             The game lasted 00:03:25 (902 turns).

lunkers the Insei (Meteoran Shapeshifter)            Turns: 902, Time: 00:03:25

HP:   -1/36 (40)    AC:  2    Str: 15    XL:     5   Next: 89%
MP:   6/6           EV: 12    Int: 11    God:
Gold: 123           SH:  0    Dex: 16    Spells: 4/4 levels left

rFire   . .          .
                       - Unarmed
rCold   . . .        (no shield)
rNeg    . . .        a - +0 animal skin
rPois   .            (helmet currently unavailable)
rElec   .            (cloak currently unavailable)
rCorr   .            (gloves currently unavailable)
SInv    .            (boots currently unavailable)
Will    .....        (no amulet)
Stlth   +            (no ring)
HPRegen 0.26/turn    (no ring)
MPRegen 0.10/turn

%: no passive effects
@: beast-form, glowing, heavily drained
A: beast (slay +2), sense surroundings 1, otherworldly, glowing, explore regen
a: Begin Untransformation


You were on level 4 of the Dungeon.
You were a hulking beast.
You visited 1 branch of the dungeon, and saw 4 of its levels.

You collected 123 gold pieces.

Inventory:

Armour
 a - a +0 animal skin (worn)
 g - a +0 helmet
 n - a +0 pair of gloves
Jewellery
 e - an amulet of magic regeneration
Talismans
 c - a beast talisman (active)
 d - a flux talisman
Scrolls
 b - a scroll of poison {unknown}
 h - 2 scrolls of fear {unknown}
 j - 3 scrolls of identify {unknown}
 l - a scroll of enchant weapon {unknown}
Potions
 f - 3 potions of curing {unknown}
 i - a potion of mutation {unknown}
 k - a potion of enlightenment {unknown}
 m - 2 potions of haste {unknown}
 o - a potion of brilliance {unknown}


   Skills:
 - Level 1.1 Fighting
 - Level 2.1 Dodging
 * Level 6.1 Unarmed Combat
 + Level 4.8 Shapeshifting


You had 4 spell levels left.
You didn't know any spells.
Your spell library contained the following spells:

 Spells                   Type           Power      Damage    Failure   Level
 Tukima's Dance           Hex            0%         N/A       71%         3
 Passage of Golubria      Tloc           0%         N/A       98%         4
 Yara's Violent Unravell  Hex/Tmut       0%         3d3       100%        5


Dungeon Overview and Level Annotations

Branches:
Dungeon (4/15) Zot: 1507
 Temple: D:4-7

Altars:
Yredelemnul


Innate Abilities, Weirdness & Mutations

You are a hulking beast.
Your limbs bulge with bestial killing power. (Slay +2)
You passively map a small area around you.
You are easily found by Zot.
You glow in the dark.
You regain HP and MP as you explore.


Message History

m - 2 metallic white potions (gained 1)
A ball python comes into view.
The ball python hisses angrily.
You see here 10 gold pieces.
You see here 10 gold pieces.
You punch the ball python!
You kill the ball python!
No target in view!
You now have 123 gold pieces (gained 10).
A wight comes into view. It is wielding a +0 spear.
Found a scale mail.
The wight moves out of view.
A wight comes into view. It is wielding a +3 dagger.
A wight comes into view. It is wielding a +2 scimitar.
Found 11 gold pieces.
A wight comes into view. It is wielding a +3 dagger.
Found 15 gold pieces.
Found a stone staircase leading down.
A hobgoblin comes into view.
The hobgoblin shouts!
A wight comes into view.
It is wielding a +4 long sword of freezing.
The wight hits you but does no damage. The wight closely misses you.
The wight misses you.
You see here a metallic white potion.
The hobgoblin hits you but does no damage.
The wight attacks as it pursues you! The wight barely misses you.
You punch the hobgoblin!
You kill the hobgoblin!
The wight hits you with a +3 dagger. The wight closely misses you.
The wight hits you with a +3 dagger!
You feel drained. The wight closely misses you.
The wight attacks as it pursues you! The wight misses you.
The wight attacks as it pursues you! The wight closely misses you.
The wight closely misses you. The wight attacks as it pursues you!
The wight completely misses you.
The wight hits you with a +4 long sword of freezing!!
* * * LOW HITPOINT WARNING * * *
You feel drained.
* * * LOW HITPOINT WARNING * * *
The wight freezes you.
You die...

...................# #
...................# .#
######.............##.##
#.................. ,
#^.........!.......
,,.....[.zz......
,,,.......z.......
....$..zz......
.......h.$.>...
#####.....##### #......#
#.....## #.##### #.* #.
*,


You could see 5 wights.

Vanquished Creatures
  The ghost of blessed the Gusty, a weakling TeAE (D:3)
  An orc priest (D:3)
  Robin (D:2)
  An adder (D:4)
  A worm (D:2)
  4 dart slugs
  4 orcs (D:3)
  5 ball pythons
  3 endoplasms
  A giant cockroach (D:1)
  11 goblins
  9 hobgoblins
  A quokka (D:2)
  A bat (D:3)
  A frilled lizard (D:1)
  2 kobolds (D:3)
  2 rats
49 creatures vanquished.

Notes
Turn   | Place    | Note
-------+----------+-------------------------------------------
     0 | D:1      | lunkers the Meteoran Shapeshifter began the quest for the
                  | Orb.
     0 | D:1      | Reached XP level 1. HP: 16/16 MP: 2/2
    85 | D:1      | Reached XP level 2. HP: 23/23 MP: 3/3
   153 | D:1      | Reached skill level 4 in Unarmed Combat
   238 | D:1      | Reached XP level 3. HP: 20/28 MP: 4/4
   281 | D:2      | Noticed Robin
   320 | D:2      | Killed Robin
   321 | D:2      | Reached XP level 4. HP: 29/35 MP: 5/5
   341 | D:2      | Reached skill level 5 in Unarmed Combat
   635 | D:3      | Found a runed translucent door.
   636 | D:3      | Noticed blessed's ghost (weakling TeAE)
   691 | D:3      | Found a basalt altar of Yredelemnul.
   726 | D:3      | Reached XP level 5. HP: 22/40 MP: 6/6
   767 | D:3      | Killed blessed's ghost
   768 | D:3      | Reached skill level 6 in Unarmed Combat
   902 | D:4      | Slain by a wight

Illustrated notes

Levels and vault maps discovered:
D:1:      heliophobic_arrival_enchanted_forest, layout_basic
D:2:      layout_basic, hellmonk_ecumenical_altar_lost_god, uniq_robin,
          uniq_jessica
D:3:      layout_rooms, mainiacjoe_overflow_concentric_impassable,
          hellmonk_ghost_happy_afterlife, minmay_liquid_box
D:4:      layout_basic, nicolae_nh_ransacked_shop

Skill      XL: |  1  2  3  4  5 |
---------------+----------------+-----
Unarmed Combat | 4 5 6 |  6.1
Shapeshifting  | 4 |  4.8
Fighting       | |  1.1
Dodging        | |  2.1

Action                     |  1- 3 |  4- 6 || total
---------------------------+-------+-------++-------
  Melee: Unarmed           |    45 |    61 ||   106
         Punch             |     4 |       ||     4
    Use: Potion            |       |     1 ||     1
 Armour: Animal skin       |    20 |    18 ||    38
         Skin              |       |     9 ||     9
  Dodge: Dodged            |    18 |    43 ||    61

Table legend: (Time is in decaauts)
 A = Elapsed time spent in this place.
 B = Non-inter-level travel time spent in this place.
 C = Inter-level travel time spent in this place.
 D = Time resting spent in this place.
 E = Time spent auto-exploring this place.
 F = Levels seen in this place.
 G = Mean time per level.
                   A        B        C        D        E       F      G
               +--------+--------+--------+--------+--------+-----+--------+
         Total |    891 |    837 |     54 |     13 |    412 |   4 |  222.8 |
       Dungeon |    891 |    837 |     54 |     13 |    412 |   4 |  222.8 |
               +--------+--------+--------+--------+--------+-----+--------+

Top non-repeatable levels by time:
     D:3: 345 daAuts
     D:2: 259 daAuts
     D:1: 251 daAuts
     D:4: 35 daAuts
